AoeStats
← OctopusRewind

Arena

510511751Analyzed
1v1 RM · 1d ago on Oct 1, 2026· 50m 22s· 2 players
Game mode
Random Map
Map size
Tiny (2 player)
Population
200
Speed
Normal
Resources
Standard
Victory
Conquest
Starting age
Dark Age
Ending age
Imperial Age
RankedLock teamsTeams togetherTeam positionsShared explorationLock speedFull tech treeHidden civsTurbo modeCheats
Victory
Defeat
🇭🇰 Malians · Hong Kong SAR China
297
+21
🇺🇸 Varangians · United States
408
-21
灰狼
10:46 Feudal Age
14:11 Gold Mining
14:13 Stone Mining
14:53 Town Watch
17:25 Double-Bit Axe
17:48 Scale Mail Armor
17:58 Forging
21:35 Castle Age
21:09 Wheelbarrow
20:20 Loom
22:02 Padded Archer Armor
21:53 Fletching
22:55 Bow Saw
23:41 Town Patrol
31:38 Hand Cart
33:19 Stone Shaft Mining
33:21 Gold Shaft Mining
36:33 Imperial Age
34:45 Ballistics
38:31 Tigui
41:15 Chemistry
42:45 Elite Gbeto
44:02 Hoardings
43:57 Farimba
44:47 Crossbowman
45:33 Thumb Ring
OctopusRewind
3:42 Loom
11:19 Feudal Age
13:42 Wheelbarrow
12:54 Town Watch
15:45 Man-at-Arms
16:12 Arson
17:25 Double-Bit Axe
21:07 Bloodlines
24:24 Castle Age
22:53 Gold Mining
22:59 Stone Mining
22:57 Horse Collar
25:30 Long Swordsman
25:57 Gambesons
26:13 Squires
27:20 Pikeman
28:07 Husbandry
30:36 Vendel Legacy
31:58 Heavy Plow
34:04 Forging
33:55 Scale Mail Armor
35:33 Town Patrol
36:06 Bow Saw
36:56 Light Cavalry
37:00 Crossbowman
38:57 Stone Shaft Mining
42:09 Scale Barding Armor
42:59 Elite Skirmisher
43:36 Fletching
43:49 Padded Archer Armor
44:29 Hand Cart
46:24 Devotion
46:37 Fervor
49:07 Guard Tower
49:00 Treadmill Crane
49:31 Masonry
50:17 Fortified Wall
50:03 Murder Holes
Connection lost

Rejoining the realm…

Still unreachable

The connection could not be restored.

Session expired

The server has moved on; the page needs a fresh start.